 Dungeon Sprint DCSS version 0.17-a0-1442-g10bb59b (webtiles) character file.

16123 nuthulu the Slayer (level 12, -5/125 HPs)
             Began as a Formicid Fighter on June 27, 2015.
             Was the Champion of Makhleb.
             Slain by an iron golem (17 damage)
             ... in the Dungeon (Sprint V: "Ziggurat Sprint").
             The game lasted 00:06:14 (832 turns).

nuthulu the Slayer (Formicid Fighter)                Turns: 832, Time: 00:06:15

Health: -5/125     AC: 23    Str: 36    XL:     12   Next: 66%
Magic:  0/12       EV:  6    Int:  8    God:    Makhleb [******]
Gold:   0          SH: 25    Dex: 10    Spells: 0 memorised, 11 levels left

rFire  . . .     SeeInvis +     L - +14 obsidian axe {chop, +Fly Str+3 SInv *Curse} (curse)
rCold  . . .     Clarity  .     l - +5 crystal plate armour
rNeg   . . .     SustAt   .     m - +3 large shield
rPois  +         Gourm    .     (helmet unavailable)
rElec  +         Spirit   +     b - +1 cloak of Kashraju {rElec}
rCorr  .         Warding  .     (no gloves)
rMut   .         Stasis   +     (no boots)
MR     +....                    M - amulet of Gamy {Spirit +Blink Str+3}
Stlth  ..........               N - ring "Ogaiklar" {rPois Stlth+}
                                J - +6 ring of strength

@: mesmerised, studying 2 skills, somewhat resistant to hostile enchantments,
extremely unstealthy
A: permanent stasis, dig shafts and tunnels, four strong arms, antennae 3, weak
1, MP-powered wands
a: Dig, Minor Destruction, Lesser Servant of Makhleb, Major Destruction, Greater
Servant of Makhleb, Renounce Religion, Evoke Flight


You were in the Dungeon.
You worshipped Makhleb.
Makhleb was exalted by your worship.
You were not hungry.

You visited 1 branch

Inventory:

Hand weapons
 L - the cursed +14 obsidian axe (weapon) {chop, +Fly Str+3 SInv *Curse}
   (You found it in the Dungeon)

   It inflicts extra damage upon your enemies.
   It affects your strength (+3).
   It lets you see invisible.
   It lets you fly.
   It may re-curse itself when equipped.
   It has a curse placed upon it.
Armour
 b - the +1 cloak of Kashraju (worn) {rElec}
   (You found it in the Dungeon)

   It insulates you from electricity.
 l - a +5 crystal plate armour (worn)
 m - a +3 large shield (worn)
Jewellery
 F - a +6 ring of dexterity
 G - a +6 ring of dexterity
 H - a +6 ring of intelligence
 I - a +6 ring of intelligence
 J - a +6 ring of strength (left hand)
 K - a +6 ring of strength
 M - the amulet of Gamy (around neck) {Spirit +Blink Str+3}
   (You found it in the Dungeon)

   [amulet of guardian spirit]

   It causes incoming damage to be split between your health and magic.
   It affects your strength (+3).
   It lets you blink.
 N - the ring "Ogaiklar" (right hand) {rPois Stlth+}
   (You found it in the Dungeon)

   [ring of stealth]

   It protects you from poison.
   It makes you more stealthy.
 O - an uncursed ring of protection from cold
 P - an uncursed ring of stealth
Magical devices
 B - a wand of disintegration (7)
 C - a wand of fire (5)
 D - a wand of cold (5)
 E - a wand of draining (5)
Scrolls
 k - 4 scrolls of blinking
 u - 4 scrolls of amnesia
 v - 3 scrolls of recharging
 w - 7 scrolls of fog
 x - a scroll of holy word
 y - 5 scrolls of identify
 z - 5 scrolls of remove curse
 A - 2 scrolls of fear
Potions
 d - 6 potions of might
 f - 10 potions of curing
 g - 9 potions of heal wounds
 h - 6 potions of haste
 i - 7 potions of magic
 j - 3 potions of berserk rage
 p - 2 potions of brilliance
 q - 2 potions of invisibility
 r - 4 potions of resistance
 t - 5 potions of agility
Books
 c - a manual of Spellcasting
 s - a manual of Long Blades
Comestibles
 e - 5 bread rations
 n - 42 fruits
 o - 4 meat rations


   Skills:
 * Level 21.8 Fighting
 - Level 18.7 Axes
 - Level 3.2 Armour
 * Level 15.1 Shields


You had 11 spell levels left.
You didn't know any spells.

Dungeon Overview and Level Annotations

Branches:
Dungeon (1/1)

Altars:
Ashenzari
Cheibriados
Dithmenos
Elyvilon
Fedhas
Gozag
Kikubaaqudgha
Makhleb
Nemelex Xobeh
Okawaru
Qazlal
Ru
Sif Muna
Trog
Vehumet
Xom
Yredelemnul
Zin
The Shining One
Beogh
Jiyva
Lugonu


Innate Abilities, Weirdness & Mutations

You are under a permanent stasis effect.
You can dig through walls and to a lower floor.
Your four strong arms can wield two-handed weapons with a shield.
You have a pair of large antennae on your head (SInv).
You are weak. (Str -2)
You expend magic power (3 MP) to strengthen your wands.


Message History

You slash the stone giant!
The stone giant is almost dead.
You hit the iron golem but do no damage.
The iron golem is heavily damaged.
You hit the iron golem but do no damage.
The iron golem is moderately damaged.
You hit the iron golem but do no damage.
You chop the quicksilver dragon into pieces!!!
You break out of your daze!
You kill the quicksilver dragon!
Makhleb accepts your kill.
You have finished your manual of Shields and toss it away.
Your Shields skill gained 2 levels and is now at level 15!
Visions of slaying the stone giant flood into your mind.
Your hellwing hits the iron golem.
Your hellwing hits the iron golem but does no damage.
Your hellwing blocks the earth elemental's attack.
You block the iron golem's attack. You block the stone giant's attack.
The iron golem hits you!
You die...

▓.........▓
▓▓▓▓▓▓▓▓▓▓▓▓▓.▓.....▓.▓
▓....8©8....▓.........▓
▓..}))\)[:..▓▓▓▓▓▓▓▓▓▓▓
▓...))[}"...▓...8©8...▓
▓...........▓..}).3...▓
▓....8E.....▓....)3...▓
▓...888E8...▓.........▓
▓...E8@C....▓...))....▓
▓..▓.4(..▓..▓..)†)....▓
▓▓.(.▓▓ ▓.....)...▓
▓..▓.....▓..▓.........▓
▓...........▓.........▓
▓▓▓▓▓▓▓▓▓▓▓▓▓▓▓▓▓▓▓▓▓▓▓
▓..{8©8{..▓...8©8...▓..
▓..34){)[.▓..|.|)...▓..
▓..4.))...▓..=433...▓..


You could see 5 iron golems, a stone giant, a crystal guardian, 3 earth
elementals and a friendly hellwing.

Vanquished Creatures
  A quicksilver dragon (D)
  An acid blob (D)
  An iron dragon (D)
  A hill giant (D)
  A cyclops (D)
  2 shining eyes (D)
  3 eyes of devastation (D)
  2 merfolk (D)
  A troll (D)
  2 jumping spiders (D)
  2 two-headed ogres (D)
  2 slime creatures (D)
  8 spriggans (D)
  2 golden eyes (D)
  4 wolves (D)
  A naga (D)
  3 water moccasins (D)
  An eye of draining (D)
  A wasp (D)
  An ogre (D)
  3 black bears (D)
  A centaur (D)
  2 scorpions (D)
  2 quasits (D)
  2 jellies (D)
  2 iron imps (D)
  2 sheep (D)
  An adder (D)
  A shadow imp (D)
  An ooze (D)
  An adder simulacrum (D)
  4 ball pythons (D)
  A bat simulacrum (D)
63 creatures vanquished.

Vanquished Creatures (collateral kills)
  A stone giant (D)
  A death ooze (D)
  2 cyclopes (D)
  A shining eye (D)
  An eye of devastation (D)
  A polar bear (D)
  A merfolk (D)
  2 two-headed ogres (D)
  2 slime creatures (D)
  A spriggan (D)
  An ice beast (D)
  A black bear (D)
  A wasp (D)
16 creatures vanquished.

Grand Total: 79 creatures vanquished

Notes
Turn   | Place    | Note
--------------------------------------------------------------
     0 | D        | nuthulu the Formicid Fighter began the quest for the Orb.
     0 | D        | Reached XP level 1. HP: 18/18 MP: 1/1
     3 | D        | Found an iron altar of Okawaru.
     3 | D        | Found a radiant altar of Vehumet.
     3 | D        | Found a shimmering altar of Xom.
     3 | D        | Found a burning altar of Makhleb.
     5 | D        | Found a deep blue altar of Sif Muna.
     7 | D        | Found a corrupted altar of Lugonu.
     7 | D        | Found a white marble altar of Elyvilon.
     7 | D        | Found a roughly hewn altar of Beogh.
     7 | D        | Found a sparkling altar of Nemelex Xobeh.
     7 | D        | Found a viscous altar of Jiyva.
     7 | D        | Found a bloodstained altar of Trog.
    73 | D        | Became a worshipper of Makhleb the Destroyer
    78 | D        | Reached skill level 6 in Fighting
    78 | D        | Reached skill level 5 in Axes
    78 | D        | Reached XP level 2. HP: 22/29 MP: 2/2
   157 | D        | Entered arena 1.
   157 | D        | Noticed a golden eye
   158 | D        | Killed a golden eye
   158 | D        | Reached skill level 9 in Fighting
   158 | D        | Reached XP level 3. HP: 33/39 MP: 3/3
   158 | D        | Reached XP level 4. HP: 38/46 MP: 4/4
   158 | D        | Reached XP level 5. HP: 42/52 MP: 5/5
   160 | D        | Acquired Makhleb's first power
   182 | D        | Entered arena 2.
   182 | D        | Noticed a water moccasin
   186 | D        | Killed a water moccasin
   186 | D        | Acquired Makhleb's second power
   186 | D        | Reached skill level 10 in Fighting
   186 | D        | Reached XP level 6. HP: 58/61 MP: 6/6
   205 | D        | Entered arena 3.
   205 | D        | Noticed a polar bear
   205 | D        | Noticed an ice beast
   208 | D        | Killed an ice beast
   208 | D        | Reached skill level 11 in Fighting
   208 | D        | Reached skill level 10 in Axes
   209 | D        | Killed a polar bear
   209 | D        | Acquired Makhleb's third power
   209 | D        | Reached XP level 7. HP: 66/68 MP: 7/7
   270 | D        | Entered arena 4.
   270 | D        | Noticed a jumping spider
   270 | D        | Noticed a scorpion
   270 | D        | Noticed a jumping spider
   270 | D        | Noticed a scorpion
   273 | D        | Killed a scorpion
   274 | D        | Killed a scorpion
   274 | D        | Acquired Makhleb's fourth power
   274 | D        | Reached skill level 12 in Fighting
   275 | D        | Killed a jumping spider
   275 | D        | Reached XP level 8. HP: 76/78 MP: 8/8
   277 | D        | Killed a jumping spider
   277 | D        | Reached skill level 13 in Fighting
   282 | D        | Entered arena 5.
   282 | D        | Noticed an iron imp
   282 | D        | Noticed a quasit
   282 | D        | Noticed a quasit
   282 | D        | Noticed an iron imp
   285 | D        | Killed a quasit
   285 | D        | Killed a quasit
   285 | D        | Acquired Makhleb's fifth power
   287 | D        | Killed an iron imp
   289 | D        | Killed an iron imp
   299 | D        | Entered arena 6.
   299 | D        | Noticed a merfolk
   299 | D        | Noticed a merfolk
   299 | D        | Noticed a merfolk
   299 | D        | Noticed a centaur
   303 | D        | Killed a centaur
   306 | D        | Killed a merfolk
   306 | D        | Reached skill level 14 in Fighting
   307 | D        | Killed a merfolk
   307 | D        | Reached XP level 9. HP: 76/88 MP: 9/9
   310 | D        | Killed a merfolk
   316 | D        | Got the +1 cloak of Kashraju {rElec}
   322 | D        | Entered arena 7.
   322 | D        | Noticed a water moccasin
   322 | D        | Noticed a naga
   322 | D        | Noticed a water moccasin
   325 | D        | Killed a water moccasin
   325 | D        | Reached skill level 15 in Fighting
   327 | D        | Killed a naga
   330 | D        | Killed a water moccasin
   349 | D        | Entered arena 8.
   349 | D        | Noticed an eye of devastation
   349 | D        | Noticed a slime creature
   349 | D        | Noticed a shining eye
   349 | D        | Noticed an eye of devastation
   349 | D        | Noticed a golden eye
   349 | D        | Noticed a jelly
   349 | D        | Noticed an eye of devastation
   353 | D        | Gained mutation: You expend magic power (3 MP) to strengthen your wands. [a shining eye]
   354 | D        | Killed a shining eye
   354 | D        | Killed a slime creature
   354 | D        | Reached skill level 16 in Fighting
   354 | D        | Killed a golden eye
   355 | D        | Killed an eye of devastation
   355 | D        | Reached skill level 15 in Axes
   355 | D        | Reached XP level 10. HP: 97/99 MP: 10/10
   356 | D        | Killed a jelly
   359 | D        | Killed an eye of devastation
   360 | D        | Killed an eye of devastation
   360 | D        | Reached skill level 17 in Fighting
   411 | D        | Entered arena 9.
   411 | D        | Noticed a black bear
   411 | D        | Noticed a spriggan
   411 | D        | Noticed a wolf
   411 | D        | Noticed a spriggan
   411 | D        | Noticed a spriggan rider
   411 | D        | Noticed a spriggan rider
   411 | D        | Noticed a spriggan
   412 | D        | Noticed a wolf
   415 | D        | Killed a spriggan
   415 | D        | Killed a black bear
   418 | D        | Killed a wolf
   418 | D        | Killed a wolf
   419 | D        | Killed a spriggan
   420 | D        | Killed a wasp
   423 | D        | Killed a spriggan
   426 | D        | Killed a spriggan
   427 | D        | Killed a spriggan rider
   427 | D        | Killed a wasp
   427 | D        | Reached skill level 18 in Fighting
   538 | D        | Entered arena 10.
   538 | D        | Noticed a black bear
   538 | D        | Noticed a spriggan
   538 | D        | Noticed a black bear
   538 | D        | Noticed a black bear
   538 | D        | Noticed a spriggan
   538 | D        | Noticed a wolf
   538 | D        | Noticed a spriggan
   538 | D        | Noticed a spriggan
   539 | D        | Killed a wolf
   540 | D        | Noticed a wolf
   543 | D        | Killed a spriggan
   544 | D        | Killed a wolf
   544 | D        | Reached XP level 11. HP: 107/109 MP: 11/11
   544 | D        | Killed a spriggan
   544 | D        | Killed a spriggan
   545 | D        | Killed a black bear
   546 | D        | Killed a black bear
   549 | D        | Killed a spriggan
   550 | D        | Killed a black bear
   555 | D        | Got the amulet of Gamy {Spirit +Blink Str+3}
   650 | D        | Entered arena 11.
   650 | D        | Noticed a slime creature
   650 | D        | Noticed an eye of draining
   650 | D        | Noticed an eye of devastation
   650 | D        | Noticed a shining eye
   650 | D        | Noticed a jelly
   651 | D        | Noticed a slime creature
   651 | D        | Noticed an acid blob
   651 | D        | Noticed a shining eye
   651 | D        | Noticed a slime creature
   651 | D        | Noticed a death ooze
   656 | D        | Killed a jelly
   657 | D        | Killed a slime creature
   658 | D        | Killed a slime creature
   658 | D        | Killed an eye of devastation
   659 | D        | Killed a death ooze
   659 | D        | Reached skill level 19 in Fighting
   660 | D        | Killed a shining eye
   660 | D        | Killed a slime creature
   663 | D        | Killed an acid blob
   663 | D        | Reached skill level 20 in Fighting
   664 | D        | Gained mutation: You are weak. (Str -2) [a shining eye]
   666 | D        | Killed a shining eye
   667 | D        | Killed an eye of draining
   756 | D        | Entered arena 12.
   756 | D        | Noticed a cyclops
   756 | D        | Noticed a hill giant
   756 | D        | Noticed a troll
   756 | D        | Noticed an ogre
   756 | D        | Noticed a two-headed ogre
   757 | D        | Noticed a two-headed ogre
   757 | D        | Noticed a two-headed ogre
   757 | D        | Noticed a cyclops
   757 | D        | Noticed a two-headed ogre
   758 | D        | Noticed a cyclops
   759 | D        | Noticed a stone giant
   763 | D        | Killed a two-headed ogre
   764 | D        | Killed a troll
   764 | D        | Reached skill level 5 in Shields
   764 | D        | Killed a two-headed ogre
   764 | D        | Killed a two-headed ogre
   764 | D        | Reached XP level 12. HP: 109/120 MP: 9/12
   765 | D        | Killed a hill giant
   765 | D        | Killed a two-headed ogre
   766 | D        | Killed a cyclops
   767 | D        | Killed a cyclops
   767 | D        | Reached skill level 10 in Shields
   769 | D        | Killed a stone giant
   769 | D        | Killed a cyclops
   769 | D        | Reached skill level 21 in Fighting
   770 | D        | Killed an ogre
   776 | D        | Got the ring "Ogaiklar" {rPois Stlth+}
   817 | D        | Entered arena 13.
   818 | D        | Noticed an earth elemental
   818 | D        | Noticed an iron golem
   818 | D        | Noticed an iron golem
   818 | D        | Noticed an iron dragon
   818 | D        | Noticed an earth elemental
   819 | D        | Noticed an iron golem
   819 | D        | Noticed a stone giant
   819 | D        | Noticed an iron golem
   819 | D        | Noticed a quicksilver dragon
   819 | D        | Noticed an earth elemental
   819 | D        | Noticed a crystal guardian
   820 | D        | Noticed an iron golem
   829 | D        | Killed an iron dragon
   832 | D        | Killed a quicksilver dragon
   832 | D        | Reached skill level 15 in Shields
   832 | D        | Slain by an iron golem

Vault maps used:
D:        sprint_v

Action                   |  1- 3 |  4- 6 |  7- 9 | 10-12 || total
-------------------------+-------+-------+-------+-------++-------
Melee: Broad axe         |     1 |     8 |    29 |    57 ||    95
  Use: Potion            |     1 |       |       |     1 ||     2
 Stab: Distracted        |       |       |       |     2 ||     2
